 Dungeon Crawl Stone Soup version 0.18-a0-1800-gdc7a371 (webtiles) character file.

91 Murumi the Slasher (level 4, -2/35 HPs)
             Began as a Formicid Abyssal Knight on Apr 24, 2016.
             Was a Believer of Lugonu.
             Slain by Murumi's ghost (9 damage)
             ... on level 3 of the Dungeon.
             The game lasted 00:06:34 (2384 turns).

Murumi the Slasher (Formicid Abyssal Knight)        Turns: 2384, Time: 00:06:35

Health: -2/35      AC:  5    Str: 17    XL:     4   Next: 87%
Magic:  6/6        EV: 10    Int: 12    God:    Lugonu [**....]
Gold:   110        SH:  0    Dex: 10    Spells: 0 memorised, 3 levels left

rFire  . . .     SeeInvis +     a - +1 falchion
rCold  . . .     Gourm    .     k - +0 ring mail
rNeg   . . .     Faith    .     (no shield)
rPois  .         Spirit   .     (helmet unavailable)
rElec  .         Dismiss  .     (no cloak)
rCorr  .         Reflect  .     (no gloves)
SustAt .         Harm     .     (no boots)
MR     .....                    (no amulet)
Stlth  ..........               (no ring)
                                (no ring)

@: not resistant to hostile enchantments, extremely unstealthy
A: permanent stasis, dig shafts and tunnels, four strong arms, antennae 3
a: Dig, Shaft Self, Depart the Abyss, Bend Space, Renounce Religion


You were on level 3 of the Dungeon.
You worshipped Lugonu.
Lugonu was pleased with you.
You were not hungry.

You visited 1 branch of the dungeon, and saw 3 of its levels.
You visited the Abyss 1 time.

You collected 110 gold pieces.

Inventory:

Hand Weapons
 a - a +1 falchion (weapon)
Armour
 k - a +0 ring mail (worn)
Potions
 b - a potion of haste {unknown}
 g - a potion of flight
 h - 2 potions of resistance
Comestibles
 c - 3 bread rations
 d - 2 beef jerkies
 i - 4 fruits


   Skills:
 - Level 3.2 Fighting
 + Level 4.2 Long Blades
 - Level 2.1 Armour
 - Level 1.1 Dodging
 - Level 3.0 Invocations


You had 3 spell levels left.
You didn't know any spells.

Dungeon Overview and Level Annotations

Branches:
Dungeon (3/15)

Altars:

Annotations:
D:3 Murumi's ghost, amateur FoAK


Innate Abilities, Weirdness & Mutations

You are under a permanent stasis effect.
You can dig through walls and to a lower floor.
Your four strong arms can wield two-handed weapons with a shield.
You have a pair of large antennae on your head (SInv).


Message History

Murumi's ghost hits you.
You hit Murumi's ghost but do no damage.
Murumi's ghost is moderately damaged.
Murumi's ghost closely misses you. Murumi's ghost hits you.
You hit Murumi's ghost.
Murumi's ghost is heavily damaged.
Murumi's ghost hits you.
You closely miss Murumi's ghost.
Murumi's ghost is heavily damaged.
Murumi's ghost hits you!
* * * LOW HITPOINT WARNING * * *
You hit Murumi's ghost.
Murumi's ghost is heavily damaged.
Murumi's ghost hits you.
* * * LOW HITPOINT WARNING * * *
You hit Murumi's ghost.
Murumi's ghost is heavily damaged.
Murumi's ghost holds its blade at the ready.
Murumi's ghost hits you!
You die...

.. ########.............
... .......'.............
...##########...........#.
#.................##<...##
#.........)..#############
#............# .
'............# ##
#######'###### #####.#@#
#.....#W# #.#.#...#
#.#...# # #.##.....# ...#
....... #.### ....... ##
.#.#.#. .......


You could see Murumi's ghost.

Vanquished Creatures
  4 adders
  A worm (D:3)
  2 dart slugs
  3 giant geckos
  3 giant cockroaches
  5 goblins
  7 hobgoblins
  A quokka (D:2)
  6 bats
  4 giant newts
  6 kobolds
  3 rats
45 creatures vanquished.

Notes
Turn   | Place    | Note
--------------------------------------------------------------
     0 | Abyss:1  | Murumi the Formicid Abyssal Knight began the quest for the Orb.
     0 | Abyss:1  | Reached XP level 1. HP: 18/18 MP: 2/2
    12 | D:1      | Escaped the Abyss
    17 | D:1      | Reached skill level 1 in Dodging
    19 | D:1      | Noticed an electric eel
    19 | D:1      | Noticed an electric eel
    72 | D:1      | Reached XP level 2. HP: 20/24 MP: 3/3
   317 | D:1      | Reached skill level 3 in Long Blades
   452 | D:1      | Reached XP level 3. HP: 29/29 MP: 4/4
   484 | D:1      | Reached ** piety under Lugonu
  1453 | D:2      | Reached XP level 4. HP: 35/35 MP: 5/5
  1576 | D:2      | Reached skill level 4 in Long Blades
  2349 | D:3      | Noticed Murumi's ghost (amateur FoAK)
  2360 | D:3      | HP: 1/35 [Murumi's ghost (10)]
  2384 | D:3      | Slain by Murumi's ghost

Vault maps used:
D:1:      arrival_aquarium_b
D:2:      first_bread
D:3:      serial_glass, glass_columns_b, glass_columns_c

Skill      XL: |  1  2  3  4 |
---------------+-------------+-----
Dodging        | 1 |  1.1
Long Blades    | 3 4 |  4.2
Invocations    | 3 |  3.0
Fighting       | |  3.2
Armour         | |  2.1

Action                   |  1- 3 |  4- 6 || total
-------------------------+-------+-------++-------
Melee: Falchion          |    88 |    84 ||   172
  Use: Scroll            |     6 |     3 ||     9
       Potion            |       |     2 ||     2
  Eat: Chunk             |     2 |     3 ||     5
Armor: Leather armour    |    23 |     4 ||    27
       Ring mail         |       |    25 ||    25
Dodge: Dodged            |    45 |    32 ||    77
